[ AOE2 MATCH · #467904328 ]
Team RMMalians vs Vietnamese
[ REPLAY ANALYSIS · EXTRACTED FROM THE RECORDED GAME ]
Feudal
18:12
Castle
22:07
Imperial
—
| APM avg | 40.3 |
| APM peak | 107 |
| eAPM avg | 12.4 |
| Villagers / military | 47 / 24 |
Focus
⚔️ 22.7% · 🌾 77.3%
Militia ×20 · Fishing Ship ×13 · Spearman ×4
Feudal
11:56
Castle
22:41
Imperial
—
| APM avg | 48.3 |
| APM peak | 77 |
| eAPM avg | 29.1 |
| Villagers / military | 56 / 33 |
Focus
⚔️ 14.5% · 🌾 85.5%
Samurai ×15 · Fishing Ship ×9 · Skirmisher ×8 · Galley ×4 · Battering Ram ×4 · Unknown (2626) ×2
Feudal
15:51
Castle
—
Imperial
—
| APM avg | 23.5 |
| APM peak | 69 |
| eAPM avg | 10.5 |
| Villagers / military | 43 / 11 |
Focus
⚔️ 17.4% · 🌾 82.6%
Scout Cavalry ×11 · Fishing Ship ×5
Feudal
13:38
Castle
26:15
Imperial
—
| APM avg | 50.9 |
| APM peak | 109 |
| eAPM avg | 24.0 |
| Villagers / military | 53 / 56 |
Focus
⚔️ 39.1% · 🌾 60.9%
Archer ×53 · Fishing Ship ×8 · Militia ×2 · Demolition Raft ×1
Feudal
14:10
Castle
19:48
Imperial
—
| APM avg | 24.1 |
| APM peak | 71 |
| eAPM avg | 11.0 |
| Villagers / military | 66 / 22 |
Focus
⚔️ 20.5% · 🌾 79.5%
Conquistador ×20 · Fishing Ship ×11 · Mangonel ×2
Feudal
13:48
Castle
18:33
Imperial
—
| APM avg | 21.3 |
| APM peak | 57 |
| eAPM avg | 12.8 |
| Villagers / military | 90 / 22 |
Focus
⚔️ 22.1% · 🌾 77.9%
Knight ×21 · Fishing Ship ×4 · Scout Cavalry ×1
Match map
Resources at game start + every placement click. Thick line = wall · dashed box = detected house wall. 🟡 gold · ⚪ stone · 🟢 berries · 🔶 boar · ⭕ relic
Your base· Open — 11t gap
ttmenti88's base· Open — 13t gap
Cykolai's base· Open — unwalled flank
Soy surfero's base· Open — unwalled flank
Pepe's base· Open — unwalled flank
Porters2016's base· Open — 11t gap
Elevation-shaded terrain · ⚠ = detected wall gap · hover for details
Inputs per minute
— Fubblubb - - ttmenti88
Build order — Fubblubb
149 actions detected in the replay
| 1:06 | Build | Town Center |
| 1:40 | Build | House |
| 1:45 | Build | Dock |
| 2:20 | Build | House |
| 2:29 | Build | House |
| 2:45 | Build | House |
| 3:02 | Build | House |
| 3:50 | Create | Villager (Male) |
| 3:51 | Create | Villager (Male) |
| 3:51 | Create | Villager (Male) |
| 4:00 | Create | Villager (Male) |
| 5:38 | Research | Loom |
| 5:51 | Create | Villager (Male) |
| 5:51 | Create | Villager (Male) |
| 6:28 | Create | Villager (Male) |
| 6:33 | Create | Fishing Ship |
| 6:52 | Build | Lumber Camp |
| 6:58 | Build | House |
| 7:20 | Create | Villager (Male) |
| 7:21 | Create | Villager (Male) |
| 7:32 | Build | House |
| 8:10 | Create | Villager (Male) |
| 8:18 | Create | Fishing Ship |
| 8:41 | Create | Villager (Male) |
| 9:02 | Create | Fishing Ship |
| 9:37 | Create | Villager (Male) |
| 9:37 | Create | Villager (Male) |
| 10:02 | Build | Mill |
| 10:04 | Create | Villager (Male) |
| 10:18 | Build | House |
| 10:26 | Create | Fishing Ship |
| 10:49 | Create | Villager (Male) |
| 10:58 | Build | House |
| 11:37 | Create | Villager (Male) |
| 11:38 | Create | Villager (Male) |
| 11:50 | Build | Barracks |
| 12:15 | Create | Fishing Ship |
| 12:15 | Create | Fishing Ship |
| 12:51 | Create | Villager (Male) |
| 12:54 | Create | Militia |
| 12:55 | Create | Militia |
| 13:09 | Build | House |
| 13:12 | Create | Villager (Male) |
| 13:18 | Create | Fishing Ship |
| 13:19 | Create | Fishing Ship |
| 13:42 | Create | Villager (Male) |
| 13:48 | Create | Militia |
| 13:52 | Create | Villager (Male) |
| 14:08 | Create | Villager (Male) |
| 14:28 | Create | Villager (Male) |
| 15:00 | Create | Villager (Male) |
| 15:03 | Build | House |
| 15:08 | Create | Fishing Ship |
| 15:09 | Create | Fishing Ship |
| 15:19 | Build | House |
| 15:51 | Build | Mill |
| 15:58 | Create | Fishing Ship |
| 16:02 | Research | Feudal Age |
| 16:56 | Create | Fishing Ship |
| 16:57 | Create | Villager (Male) |
| 18:12 | Age | Feudal Age |
| 18:18 | Build | Blacksmith |
| 18:26 | Build | Market |
| 18:29 | Create | Villager (Male) |
| 18:48 | Create | Villager (Male) |
| 18:58 | Create | Fishing Ship |
| 19:15 | Research | Castle Age |
| 19:31 | Build | Lumber Camp |
| 19:46 | Build | House |
| 19:53 | Research | Man-at-Arms (upgrade) |
| 19:56 | Research | Scale Mail Armor |
| 20:09 | Build | Barracks |
| 20:13 | Build | Barracks |
| 20:17 | Create | Villager (Male) |
| 20:21 | Build | House |
| 20:45 | Research | Arson |
| 20:47 | Create | Villager (Male) |
| 21:01 | Research | Horse Collar |
| 21:31 | Build | Farm |
| 21:32 | Build | Farm |
| 21:32 | Build | Farm |
| 21:32 | Build | Farm |
| 21:33 | Build | Farm |
| 21:33 | Build | Farm |
| 21:33 | Build | Farm |
| 21:33 | Build | Farm |
| 21:37 | Build | House |
| 21:44 | Build | House |
| 21:54 | Build | House |
| 22:01 | Create | Spearman ×3 |
| 22:07 | Age | Castle Age |
| 22:38 | Create | Spearman |
| 22:40 | Research | Pikeman (upgrade) |
| 22:45 | Create | Villager (Male) |
| 23:11 | Create | Villager (Male) |
| 23:51 | Create | Villager (Male) |
| 23:52 | Create | Villager (Male) |
| 23:56 | Research | Double-Bit Axe |
| 24:29 | Build | Town Center |
| 24:31 | Create | Villager (Male) |
| 24:38 | Research | Squires |
| 24:57 | Research | Long Swordsman (upgrade) |
| 24:59 | Create | Militia |
| 25:00 | Create | Militia |
| 25:19 | Build | Barracks |
| 25:32 | Create | Militia |
| 25:32 | Create | Militia |
| 25:54 | Create | Militia |
| 25:54 | Create | Militia |
| 25:54 | Create | Militia |
| 25:54 | Create | Militia |
| 26:07 | Create | Militia |
| 26:15 | Create | Villager (Male) |
| 26:16 | Create | Villager (Male) |
| 26:50 | Create | Villager (Male) |
| 26:51 | Create | Villager (Male) |
| 27:27 | Create | Villager (Male) |
| 27:27 | Create | Villager (Male) |
| 27:28 | Create | Villager (Male) |
| 27:29 | Create | Villager (Male) |
| 27:37 | Build | Farm |
| 27:37 | Build | Farm |
| 27:37 | Build | Farm |
| 27:45 | Create | Militia |
| 27:46 | Create | Militia |
| 27:47 | Create | Militia |
| 27:56 | Research | Chain Mail Armor |
| 28:11 | Create | Militia |
| 28:12 | Create | Militia |
| 28:22 | Create | Villager (Male) |
| 28:31 | Build | Mill |
| 28:31 | Build | Farm |
| 28:31 | Build | Farm |
| 28:32 | Build | Farm |
| 28:32 | Build | Farm |
| 28:32 | Build | Farm |
| 28:33 | Build | Farm |
| 28:33 | Build | Farm |
| 28:33 | Build | Farm |
| 28:33 | Build | Farm |
| 28:33 | Build | Farm |
| 28:42 | Create | Militia |
| 28:42 | Create | Militia |
| 28:43 | Create | Militia |
| 28:52 | Create | Villager (Male) |
| 29:19 | Create | Villager (Male) |
| 29:20 | Create | Villager (Male) |
| 29:20 | Create | Villager (Male) |
| 29:35 | Build | Lumber Camp |
Build order — ttmenti88
First 150 of 179 actions detected
| 0:12 | Build | House |
| 0:34 | Build | Town Center |
| 1:09 | Build | Dock |
| 2:47 | Create | Villager (Male) |
| 2:47 | Create | Villager (Male) |
| 2:48 | Create | Villager (Male) |
| 2:48 | Create | Villager (Male) |
| 3:46 | Create | Fishing Ship |
| 4:10 | Create | Villager (Male) |
| 4:15 | Build | House |
| 4:54 | Research | Loom |
| 5:09 | Create | Villager (Male) |
| 5:14 | Create | Fishing Ship |
| 5:29 | Create | Villager (Male) |
| 5:29 | Create | Villager (Male) |
| 5:54 | Create | Villager (Male) |
| 6:00 | Build | House |
| 6:12 | Create | Villager (Male) |
| 6:25 | Create | Villager (Male) |
| 6:50 | Create | Fishing Ship |
| 6:50 | Create | Fishing Ship |
| 7:08 | Create | Villager (Male) |
| 7:08 | Create | Villager (Male) |
| 7:09 | Create | Villager (Male) |
| 7:24 | Build | House |
| 7:36 | Create | Fishing Ship |
| 7:38 | Build | House |
| 7:47 | Build | House |
| 7:52 | Create | Villager (Male) |
| 8:10 | Create | Villager (Male) |
| 8:15 | Build | House |
| 8:19 | Build | Mill |
| 8:50 | Build | House |
| 8:54 | Create | Villager (Male) |
| 9:19 | Create | Fishing Ship |
| 9:45 | Research | Feudal Age |
| 10:09 | Build | Lumber Camp |
| 10:38 | Build | Mining Camp |
| 10:42 | Create | Villager (Male) |
| 10:42 | Create | Villager (Male) |
| 11:56 | Age | Feudal Age |
| 11:58 | Research | Double-Bit Axe |
| 12:12 | Build | Dock |
| 12:17 | Create | Villager (Male) |
| 12:31 | Build | Watch Tower |
| 12:37 | Build | Mining Camp |
| 12:54 | Build | House |
| 12:57 | Create | Villager (Male) |
| 13:13 | Build | Stone Wall |
| 13:14 | Build | Stone Wall |
| 13:17 | Create | Villager (Male) |
| 13:25 | Create | Villager (Male) |
| 13:33 | Create | Galley |
| 13:41 | Build | House |
| 13:53 | Build | Blacksmith |
| 13:57 | Create | Villager (Male) |
| 14:00 | Build | House |
| 14:14 | Build | Watch Tower |
| 14:18 | Build | Stone Wall |
| 14:19 | Build | Stone Wall |
| 14:21 | Create | Villager (Male) |
| 14:33 | Research | Tech 906 |
| 14:38 | Create | Fire Galley |
| 14:45 | Create | Villager (Male) |
| 14:51 | Create | Villager (Male) |
| 14:57 | Create | Galley |
| 15:00 | Research | Fletching |
| 15:13 | Build | Farm |
| 15:15 | Build | Farm |
| 15:20 | Create | Villager (Male) |
| 15:43 | Create | Villager (Male) |
| 16:04 | Create | Unit 2626 |
| 16:05 | Create | Unit 2626 |
| 16:14 | Build | Farm |
| 16:28 | Create | Villager (Male) |
| 16:33 | Build | Farm |
| 16:45 | Build | House |
| 16:46 | Build | House |
| 16:59 | Create | Villager (Male) |
| 17:03 | Create | Villager (Male) |
| 17:24 | Build | Barracks |
| 17:31 | Build | Farm |
| 17:56 | Create | Villager (Male) |
| 18:07 | Create | Fishing Ship |
| 18:07 | Create | Fishing Ship |
| 18:08 | Create | Fishing Ship |
| 18:13 | Create | Villager (Male) |
| 18:43 | Create | Villager (Male) |
| 18:48 | Build | Farm |
| 18:50 | Build | Farm |
| 18:53 | Build | Farm |
| 19:16 | Create | Villager (Male) |
| 19:26 | Build | Market |
| 19:49 | Create | Spearman |
| 20:01 | Research | Castle Age |
| 20:13 | Create | Galley |
| 20:13 | Create | Galley |
| 20:26 | Build | Dock |
| 20:47 | Build | House |
| 20:48 | Build | House |
| 20:59 | Build | House |
| 21:00 | Build | House |
| 21:02 | Research | Stone Mining |
| 22:12 | Build | Archery Range |
| 22:17 | Build | Archery Range |
| 22:20 | Research | Padded Archer Armor |
| 22:30 | Create | Villager (Male) |
| 22:30 | Create | Villager (Male) |
| 22:33 | Build | Lumber Camp |
| 22:39 | Create | Villager (Male) |
| 22:41 | Age | Castle Age |
| 22:42 | Research | Bow Saw |
| 22:43 | Research | Bodkin Arrow |
| 22:49 | Build | Castle |
| 22:54 | Create | Villager (Male) |
| 23:05 | Create | Skirmisher |
| 23:05 | Create | Skirmisher |
| 23:23 | Create | Villager (Male) |
| 23:33 | Build | Lumber Camp |
| 23:36 | Create | Villager (Male) |
| 23:46 | Create | Skirmisher |
| 23:46 | Create | Skirmisher |
| 24:01 | Build | House |
| 24:02 | Build | House |
| 24:08 | Create | Villager (Male) |
| 24:10 | Research | Padded Archer Armor |
| 24:15 | Create | Skirmisher |
| 24:15 | Create | Skirmisher |
| 24:20 | Create | Samurai ×5 |
| 24:25 | Research | Wheelbarrow |
| 24:31 | Build | Fish Trap |
| 24:34 | Build | Fish Trap |
| 24:50 | Create | Skirmisher |
| 24:50 | Create | Skirmisher |
| 24:57 | Build | Fish Trap |
| 25:01 | Build | Fish Trap |
| 25:30 | Create | Villager (Male) |
| 25:30 | Create | Villager (Male) |
| 25:48 | Build | Siege Workshop |
| 25:53 | Create | Villager (Male) |
| 25:54 | Create | Villager (Male) |
| 26:13 | Research | Gold Mining |
| 26:23 | Research | Gillnets |
| 26:28 | Create | Villager (Male) |
| 26:43 | Create | Battering Ram |
| 26:48 | Create | Samurai ×5 |
| 26:51 | Research | Forging |
| 26:51 | Research | Scale Mail Armor |
| 26:53 | Create | Villager (Male) |
| 26:54 | Create | Villager (Male) |
Build order — Cykolai
112 actions detected in the replay
| 2:56 | Build | Town Center |
| 3:56 | Build | House |
| 3:57 | Build | House |
| 4:57 | Create | Villager (Male) |
| 4:57 | Create | Villager (Male) |
| 4:57 | Create | Villager (Male) |
| 4:57 | Create | Villager (Male) |
| 4:58 | Create | Villager (Male) |
| 6:03 | Create | Villager (Male) |
| 6:43 | Build | Lumber Camp |
| 7:03 | Create | Villager (Male) |
| 7:03 | Create | Villager (Male) |
| 7:14 | Create | Villager (Male) |
| 7:14 | Create | Villager (Male) |
| 8:05 | Create | Villager (Male) |
| 8:12 | Create | Villager (Male) |
| 8:12 | Create | Villager (Male) |
| 8:52 | Create | Villager (Male) |
| 9:08 | Build | House |
| 9:37 | Create | Villager (Male) |
| 10:15 | Create | Villager (Male) |
| 10:16 | Create | Villager (Male) |
| 10:16 | Create | Villager (Male) |
| 10:43 | Create | Villager (Male) |
| 10:48 | Build | House |
| 10:57 | Build | Dock |
| 11:10 | Create | Villager (Male) |
| 11:42 | Create | Fishing Ship |
| 11:42 | Create | Fishing Ship |
| 11:43 | Create | Fishing Ship |
| 11:48 | Create | Fishing Ship |
| 12:00 | Create | Villager (Male) |
| 12:23 | Create | Villager (Male) |
| 12:55 | Research | Loom |
| 13:27 | Build | Mill |
| 13:41 | Research | Feudal Age |
| 14:01 | Build | Barracks |
| 14:36 | Create | Fishing Ship |
| 14:51 | Build | House |
| 14:52 | Build | House |
| 15:39 | Build | Palisade Gate |
| 15:41 | Build | House |
| 15:42 | Build | House |
| 15:45 | Create | Villager (Male) |
| 15:45 | Create | Villager (Male) |
| 15:51 | Age | Feudal Age |
| 16:20 | Build | Stable |
| 16:31 | Build | House |
| 16:48 | Research | Double-Bit Axe |
| 16:56 | Build | Farm |
| 16:57 | Build | Farm |
| 16:58 | Build | Farm |
| 17:06 | Create | Villager (Male) |
| 17:07 | Create | Villager (Male) |
| 17:38 | Build | Lumber Camp |
| 17:56 | Create | Villager (Male) |
| 17:59 | Create | Scout Cavalry |
| 18:00 | Create | Scout Cavalry |
| 18:01 | Create | Scout Cavalry |
| 18:01 | Create | Scout Cavalry |
| 18:25 | Build | Farm |
| 18:26 | Build | Farm |
| 18:31 | Research | Horse Collar |
| 19:03 | Create | Villager (Male) |
| 19:31 | Create | Scout Cavalry |
| 19:41 | Build | Stable |
| 19:43 | Build | House |
| 19:44 | Build | House |
| 19:57 | Create | Villager (Male) |
| 19:59 | Create | Villager (Male) |
| 20:28 | Research | Bloodlines |
| 20:31 | Create | Scout Cavalry |
| 20:36 | Build | Farm |
| 20:37 | Build | Farm |
| 20:42 | Build | Farm |
| 20:43 | Build | Farm |
| 20:44 | Build | Farm |
| 20:45 | Build | Farm |
| 20:51 | Build | Farm |
| 21:00 | Create | Villager (Male) |
| 21:15 | Create | Scout Cavalry |
| 21:17 | Create | Villager (Male) |
| 21:23 | Build | Blacksmith |
| 21:51 | Build | House |
| 21:56 | Create | Villager (Male) |
| 21:59 | Create | Scout Cavalry |
| 21:59 | Create | Scout Cavalry |
| 22:01 | Create | Scout Cavalry |
| 22:01 | Create | Scout Cavalry |
| 23:06 | Build | Farm |
| 24:12 | Build | Palisade Gate |
| 24:16 | Create | Villager (Male) |
| 24:16 | Create | Villager (Male) |
| 24:16 | Create | Villager (Male) |
| 24:32 | Build | Palisade Gate |
| 24:40 | Create | Villager (Male) |
| 24:40 | Create | Villager (Male) |
| 24:40 | Create | Villager (Male) |
| 24:56 | Create | Villager (Male) |
| 24:56 | Create | Villager (Male) |
| 25:33 | Build | Lumber Camp |
| 25:41 | Create | Villager (Male) |
| 25:42 | Create | Villager (Male) |
| 27:43 | Research | Castle Age |
| 28:01 | Build | Archery Range |
| 28:05 | Build | Archery Range |
| 28:06 | Build | Archery Range |
| 29:56 | Build | House |
| 29:57 | Build | House |
| 29:58 | Build | House |
| 29:59 | Build | House |
| 30:03 | Build | Archery Range |
Build order — Soy surfero
First 150 of 213 actions detected
| 0:27 | Build | Town Center |
| 0:45 | Build | Dock |
| 1:18 | Build | Dock |
| 1:55 | Build | House |
| 2:39 | Create | Villager (Male) |
| 2:39 | Create | Villager (Male) |
| 2:39 | Create | Villager (Male) |
| 2:39 | Create | Villager (Male) |
| 3:43 | Create | Fishing Ship |
| 4:20 | Create | Villager (Male) |
| 4:20 | Create | Villager (Male) |
| 4:22 | Research | Loom |
| 5:00 | Create | Villager (Male) |
| 5:14 | Create | Villager (Male) |
| 6:09 | Build | House |
| 6:38 | Create | Villager (Male) |
| 6:48 | Build | House |
| 6:49 | Create | Fishing Ship |
| 7:09 | Create | Villager (Male) |
| 7:10 | Create | Villager (Male) |
| 7:10 | Create | Villager (Male) |
| 7:19 | Create | Fishing Ship |
| 7:43 | Create | Villager (Male) |
| 8:03 | Create | Villager (Male) |
| 8:21 | Create | Fishing Ship |
| 8:21 | Create | Fishing Ship |
| 8:50 | Build | House |
| 9:04 | Create | Villager (Male) |
| 9:27 | Create | Fishing Ship |
| 9:40 | Create | Villager (Male) |
| 9:53 | Create | Villager (Male) |
| 10:46 | Create | Villager (Male) |
| 10:49 | Build | Lumber Camp |
| 10:58 | Build | House |
| 11:07 | Build | House |
| 11:15 | Build | House |
| 11:28 | Research | Feudal Age |
| 11:29 | Research | Feudal Age |
| 11:51 | Build | Mining Camp |
| 11:57 | Build | Barracks |
| 12:00 | Create | Villager (Male) |
| 12:09 | Build | House |
| 12:21 | Create | Villager (Male) |
| 13:09 | Build | Dock |
| 13:38 | Age | Feudal Age |
| 13:45 | Build | Archery Range |
| 13:50 | Create | Villager (Male) |
| 14:01 | Research | Double-Bit Axe |
| 14:15 | Build | Blacksmith |
| 14:19 | Create | Villager (Male) |
| 14:29 | Create | Villager (Male) |
| 14:33 | Create | Archer |
| 14:39 | Build | House |
| 14:42 | Build | House |
| 14:57 | Create | Archer |
| 14:58 | Research | Fletching |
| 14:59 | Research | Fletching |
| 15:04 | Create | Villager (Male) |
| 15:15 | Build | House |
| 15:20 | Research | Padded Archer Armor |
| 15:23 | Build | House |
| 15:40 | Create | Archer |
| 15:44 | Build | Archery Range |
| 15:45 | Create | Villager (Male) |
| 15:54 | Create | Villager (Male) |
| 16:00 | Build | House |
| 16:04 | Create | Archer |
| 16:06 | Create | Archer |
| 16:13 | Create | Villager (Male) |
| 16:28 | Create | Archer |
| 16:28 | Create | Archer |
| 16:32 | Build | Mining Camp |
| 16:38 | Create | Villager (Male) |
| 16:51 | Build | Mill |
| 16:53 | Create | Villager (Male) |
| 17:21 | Build | Palisade Wall |
| 17:28 | Build | Palisade Wall |
| 17:37 | Create | Archer |
| 17:37 | Create | Archer |
| 17:38 | Create | Villager (Male) |
| 17:46 | Create | Archer |
| 17:46 | Create | Archer |
| 17:48 | Create | Villager (Male) |
| 17:51 | Research | Gold Mining |
| 17:56 | Build | House |
| 17:58 | Build | House |
| 18:17 | Create | Villager (Male) |
| 18:20 | Create | Villager (Male) |
| 18:22 | Build | Farm |
| 18:32 | Create | Demolition Raft |
| 18:33 | Create | Villager (Male) |
| 18:37 | Create | Fishing Ship |
| 18:37 | Create | Fishing Ship |
| 18:45 | Research | Horse Collar |
| 19:04 | Create | Archer |
| 19:04 | Create | Archer |
| 19:23 | Create | Villager (Male) |
| 19:25 | Create | Archer |
| 19:25 | Create | Archer |
| 19:33 | Build | Farm |
| 19:35 | Build | Farm |
| 19:42 | Create | Archer |
| 19:42 | Create | Archer |
| 19:53 | Create | Archer |
| 19:54 | Create | Villager (Male) |
| 19:57 | Build | Farm |
| 19:59 | Build | Farm |
| 20:01 | Build | Farm |
| 20:06 | Build | Farm |
| 20:08 | Build | Farm |
| 20:09 | Create | Villager (Male) |
| 20:10 | Create | Archer |
| 20:10 | Create | Archer |
| 20:18 | Build | Market |
| 20:22 | Build | House |
| 20:27 | Build | Palisade Wall |
| 20:34 | Create | Villager (Male) |
| 20:34 | Create | Archer |
| 20:35 | Create | Archer |
| 20:57 | Build | Mill |
| 20:58 | Build | Farm |
| 20:58 | Build | Farm |
| 20:59 | Build | Farm |
| 20:59 | Build | Farm |
| 21:10 | Create | Villager (Male) |
| 21:16 | Build | Farm |
| 21:23 | Create | Archer |
| 21:40 | Create | Villager (Male) |
| 22:01 | Create | Archer |
| 22:02 | Create | Villager (Male) |
| 22:20 | Create | Villager (Male) |
| 22:38 | Create | Archer |
| 22:39 | Create | Villager (Male) |
| 22:56 | Build | House |
| 22:58 | Create | Archer |
| 22:58 | Create | Archer |
| 23:09 | Create | Archer |
| 23:10 | Create | Archer |
| 23:17 | Create | Villager (Male) |
| 23:33 | Research | Castle Age |
| 23:37 | Create | Archer |
| 23:54 | Build | Archery Range |
| 23:58 | Research | Stone Mining |
| 23:58 | Research | Stone Mining |
| 24:02 | Build | Dock |
| 24:07 | Build | House |
| 24:08 | Build | House |
| 24:20 | Create | Archer |
| 24:25 | Research | Wheelbarrow |
| 24:25 | Research | Wheelbarrow |
Build order — Pepe
First 150 of 153 actions detected
| 0:47 | Build | Town Center |
| 2:14 | Build | House |
| 2:43 | Create | Villager (Male) |
| 2:43 | Create | Villager (Male) |
| 2:43 | Create | Villager (Male) |
| 2:44 | Create | Villager (Male) |
| 2:58 | Build | House |
| 4:21 | Build | Dock |
| 4:26 | Create | Villager (Male) |
| 4:26 | Create | Villager (Male) |
| 5:25 | Research | Loom |
| 5:25 | Research | Loom |
| 5:46 | Create | Villager (Male) |
| 5:46 | Create | Villager (Male) |
| 5:46 | Create | Villager (Male) |
| 6:34 | Build | House |
| 6:39 | Create | Villager (Male) |
| 6:39 | Create | Villager (Male) |
| 7:26 | Create | Villager (Male) |
| 7:26 | Create | Villager (Male) |
| 7:30 | Create | Fishing Ship |
| 7:45 | Create | Villager (Male) |
| 7:45 | Create | Villager (Male) |
| 7:45 | Create | Villager (Male) |
| 8:08 | Create | Fishing Ship |
| 8:09 | Create | Fishing Ship |
| 8:27 | Create | Villager (Male) |
| 8:27 | Create | Villager (Male) |
| 8:27 | Create | Villager (Male) |
| 8:48 | Build | House |
| 8:57 | Create | Fishing Ship |
| 9:05 | Build | House |
| 9:56 | Create | Villager (Male) |
| 10:22 | Create | Villager (Male) |
| 10:24 | Create | Fishing Ship |
| 10:35 | Build | Dock |
| 10:41 | Build | Mill |
| 10:55 | Create | Villager (Male) |
| 10:58 | Build | House |
| 11:11 | Create | Fishing Ship |
| 11:16 | Create | Villager (Male) |
| 11:28 | Build | House |
| 11:38 | Create | Fishing Ship |
| 11:52 | Build | House |
| 12:00 | Research | Feudal Age |
| 12:00 | Research | Feudal Age |
| 12:30 | Build | Mining Camp |
| 12:52 | Create | Villager (Male) |
| 12:52 | Create | Villager (Male) |
| 12:57 | Create | Fishing Ship |
| 12:57 | Create | Fishing Ship |
| 13:31 | Create | Fishing Ship |
| 13:47 | Create | Fishing Ship |
| 14:10 | Age | Feudal Age |
| 14:45 | Build | Barracks |
| 14:58 | Create | Villager (Male) |
| 15:20 | Build | Blacksmith |
| 15:24 | Create | Villager (Male) |
| 15:43 | Create | Villager (Male) |
| 16:09 | Build | Market |
| 16:18 | Create | Villager (Male) |
| 16:27 | Build | Lumber Camp |
| 16:43 | Create | Villager (Male) |
| 17:06 | Research | Castle Age |
| 17:14 | Build | House |
| 17:24 | Build | House |
| 17:27 | Research | Gold Mining |
| 17:44 | Build | Farm |
| 17:48 | Build | Farm |
| 18:02 | Build | House |
| 18:11 | Create | Villager (Male) |
| 18:12 | Create | Villager (Male) |
| 18:43 | Build | Building 804 |
| 18:46 | Build | Palisade Wall |
| 19:48 | Age | Castle Age |
| 20:05 | Build | Castle |
| 20:13 | Build | Town Center |
| 20:20 | Build | Farm |
| 20:37 | Create | Villager (Male) |
| 20:43 | Build | Farm |
| 20:53 | Create | Conquistador ×5 |
| 21:03 | Create | Villager (Male) |
| 21:04 | Create | Villager (Male) |
| 21:06 | Create | Villager (Male) |
| 21:06 | Create | Villager (Male) |
| 21:20 | Build | Stone Wall |
| 21:45 | Build | Farm |
| 21:50 | Create | Villager (Male) |
| 21:50 | Create | Villager (Male) |
| 21:54 | Build | Farm |
| 21:57 | Build | Farm |
| 21:59 | Create | Conquistador |
| 22:08 | Build | Farm |
| 22:24 | Create | Villager (Male) |
| 22:24 | Create | Villager (Male) |
| 22:39 | Build | Farm |
| 22:42 | Build | Farm |
| 22:45 | Create | Villager (Male) |
| 22:45 | Create | Villager (Male) |
| 22:57 | Create | Villager (Male) |
| 22:57 | Create | Villager (Male) |
| 23:04 | Build | Farm |
| 23:11 | Create | Conquistador |
| 23:17 | Build | Farm |
| 23:23 | Build | Farm |
| 23:40 | Create | Conquistador |
| 24:00 | Build | Farm |
| 24:03 | Build | Farm |
| 24:08 | Create | Villager (Male) |
| 24:08 | Create | Villager (Male) |
| 24:23 | Create | Conquistador |
| 24:50 | Research | Double-Bit Axe |
| 25:10 | Create | Conquistador |
| 25:11 | Create | Villager (Male) |
| 25:11 | Create | Villager (Male) |
| 25:31 | Build | Stable |
| 25:33 | Create | Conquistador |
| 25:35 | Create | Villager (Male) |
| 25:35 | Create | Villager (Male) |
| 25:51 | Create | Villager (Male) |
| 25:51 | Create | Villager (Male) |
| 26:04 | Create | Conquistador |
| 26:11 | Build | Archery Range |
| 26:58 | Research | Bloodlines |
| 26:59 | Research | Bloodlines |
| 27:03 | Create | Conquistador |
| 27:36 | Create | Conquistador |
| 27:43 | Create | Villager (Male) |
| 27:44 | Create | Villager (Male) |
| 27:52 | Build | Siege Workshop |
| 27:59 | Create | Conquistador |
| 28:14 | Create | Villager (Male) |
| 28:15 | Create | Villager (Male) |
| 28:32 | Create | Conquistador |
| 28:34 | Create | Villager (Male) |
| 28:34 | Create | Villager (Male) |
| 28:47 | Create | Mangonel |
| 28:51 | Create | Villager (Male) |
| 28:51 | Create | Villager (Male) |
| 29:05 | Build | Farm |
| 29:10 | Build | Farm |
| 29:22 | Create | Conquistador |
| 29:24 | Create | Villager (Male) |
| 29:32 | Build | Farm |
| 29:36 | Create | Conquistador |
| 29:37 | Create | Villager (Male) |
| 29:38 | Create | Villager (Male) |
| 29:43 | Create | Mangonel |
| 29:57 | Build | Castle |
| 30:09 | Create | Conquistador |
Build order — Porters2016
First 150 of 180 actions detected
| 0:26 | Build | Town Center |
| 0:45 | Build | Dock |
| 0:47 | Build | House |
| 2:47 | Create | Villager (Male) |
| 2:48 | Create | Villager (Male) |
| 2:48 | Create | Villager (Male) |
| 2:48 | Create | Villager (Male) |
| 2:49 | Create | Villager (Male) |
| 4:04 | Create | Fishing Ship |
| 4:08 | Create | Villager (Male) |
| 4:48 | Build | House |
| 5:03 | Create | Villager (Male) |
| 5:29 | Create | Fishing Ship |
| 5:39 | Create | Villager (Male) |
| 5:39 | Create | Villager (Male) |
| 5:39 | Create | Villager (Male) |
| 6:35 | Create | Villager (Male) |
| 7:07 | Create | Villager (Male) |
| 7:08 | Create | Villager (Male) |
| 7:08 | Create | Villager (Male) |
| 7:08 | Create | Villager (Male) |
| 7:12 | Build | House |
| 7:38 | Create | Fishing Ship |
| 7:57 | Create | Villager (Male) |
| 8:27 | Create | Villager (Male) |
| 8:31 | Build | House |
| 9:28 | Create | Villager (Male) |
| 9:28 | Create | Villager (Male) |
| 9:34 | Create | Villager (Male) |
| 9:34 | Create | Villager (Male) |
| 9:55 | Create | Fishing Ship |
| 10:18 | Build | Mill |
| 10:31 | Build | House |
| 11:17 | Build | Barracks |
| 11:38 | Research | Feudal Age |
| 11:53 | Build | Lumber Camp |
| 12:02 | Build | House |
| 13:08 | Create | Villager (Male) |
| 13:22 | Create | Villager (Male) |
| 13:48 | Age | Feudal Age |
| 13:50 | Build | Palisade Wall |
| 13:51 | Build | Palisade Wall |
| 13:53 | Build | Palisade Wall |
| 13:56 | Create | Villager (Male) |
| 13:56 | Create | Villager (Male) |
| 13:57 | Research | Double-Bit Axe |
| 14:00 | Build | Stable |
| 14:11 | Build | House |
| 14:18 | Build | Palisade Wall |
| 14:19 | Build | Palisade Wall |
| 14:22 | Build | Palisade Wall |
| 14:30 | Create | Villager (Male) |
| 14:49 | Build | Blacksmith |
| 15:05 | Build | Palisade Wall |
| 15:26 | Create | Scout Cavalry |
| 15:42 | Research | Castle Age |
| 16:59 | Create | Villager (Male) |
| 17:05 | Build | Farm |
| 17:07 | Build | Farm |
| 17:09 | Build | Farm |
| 17:10 | Build | Farm |
| 17:35 | Create | Villager (Male) |
| 18:08 | Build | Stable |
| 18:23 | Create | Villager (Male) |
| 18:33 | Age | Castle Age |
| 18:35 | Create | Knight |
| 18:35 | Create | Knight |
| 18:39 | Create | Villager (Male) |
| 18:39 | Create | Villager (Male) |
| 18:52 | Build | Town Center |
| 18:59 | Build | Town Center |
| 19:02 | Create | Villager (Male) |
| 19:08 | Create | Knight |
| 19:11 | Build | House |
| 19:13 | Build | House |
| 19:19 | Research | Scale Barding Armor |
| 19:39 | Create | Knight |
| 19:40 | Create | Knight |
| 20:03 | Create | Villager (Male) |
| 20:11 | Create | Villager (Male) |
| 20:11 | Create | Villager (Male) |
| 20:12 | Create | Villager (Male) |
| 21:04 | Create | Villager (Male) |
| 21:05 | Create | Villager (Male) |
| 21:09 | Build | Farm |
| 21:11 | Build | Farm |
| 21:14 | Create | Villager (Male) |
| 22:39 | Create | Knight |
| 22:39 | Create | Knight |
| 22:40 | Create | Knight |
| 22:40 | Create | Knight |
| 22:42 | Create | Villager (Male) |
| 22:42 | Create | Villager (Male) |
| 22:43 | Create | Villager (Male) |
| 22:44 | Create | Villager (Male) |
| 22:46 | Create | Villager (Male) |
| 22:46 | Create | Villager (Male) |
| 23:43 | Create | Knight |
| 23:44 | Create | Knight |
| 23:45 | Create | Villager (Male) |
| 23:45 | Create | Villager (Male) |
| 23:46 | Create | Villager (Male) |
| 23:46 | Create | Villager (Male) |
| 23:48 | Build | Farm |
| 23:50 | Build | Farm |
| 23:51 | Build | Farm |
| 23:52 | Build | Farm |
| 23:53 | Build | Farm |
| 23:59 | Create | Villager (Male) |
| 23:59 | Create | Villager (Male) |
| 23:59 | Create | Villager (Male) |
| 24:01 | Build | Farm |
| 24:02 | Build | Farm |
| 24:06 | Create | Villager (Male) |
| 24:07 | Create | Villager (Male) |
| 24:10 | Build | Farm |
| 24:11 | Build | Farm |
| 24:12 | Build | Farm |
| 24:13 | Build | Farm |
| 24:48 | Create | Villager (Male) |
| 24:48 | Create | Villager (Male) |
| 24:49 | Create | Villager (Male) |
| 24:50 | Create | Villager (Male) |
| 24:53 | Build | House |
| 24:54 | Build | House |
| 24:58 | Build | House |
| 25:01 | Create | Villager (Male) |
| 25:01 | Create | Villager (Male) |
| 25:05 | Research | Loom |
| 25:06 | Research | Town Watch |
| 25:09 | Create | Villager (Male) |
| 25:10 | Create | Villager (Male) |
| 25:38 | Research | Chain Barding Armor |
| 25:40 | Create | Villager (Male) |
| 25:46 | Create | Villager (Male) |
| 25:46 | Create | Villager (Male) |
| 27:14 | Create | Knight ×5 |
| 27:18 | Build | Stable |
| 27:19 | Create | Villager (Male) ×5 |
| 27:20 | Create | Villager (Male) ×4 |
| 27:23 | Build | Farm |
| 27:24 | Build | Farm |
| 27:25 | Build | Farm |
| 27:27 | Create | Villager (Male) |
| 27:28 | Create | Villager (Male) |
| 27:31 | Build | Farm |
| 27:32 | Build | Farm |
| 27:33 | Build | Farm |
| 27:34 | Build | Farm |
| 27:57 | Create | Villager (Male) ×4 |
Match timeline
| 0:45 | Soy surfero · first_building Dock |
| 0:45 | Porters2016 · first_building Dock |
| 1:09 | ttmenti88 · first_building Dock |
| 1:45 | Fubblubb · first_building Dock |
| 4:21 | Pepe · first_building Dock |
| 10:57 | Cykolai · first_building Dock |
| 11:17 | Porters2016 · first_building Barracks |
| 11:50 | Fubblubb · first_building Barracks |
| 11:56 | ttmenti88 · age_up feudal |
| 11:57 | Soy surfero · first_building Barracks |
| 13:13 | ttmenti88 · wall_segment Stone Wall x1 |
| 13:14 | ttmenti88 · wall_segment Stone Wall x1 |
| 13:38 | Soy surfero · age_up feudal |
| 13:45 | Soy surfero · first_building Archery Range |
| 13:48 | Porters2016 · age_up feudal |
| 13:50 | Porters2016 · wall_segment Palisade Wall x1 |
| 13:51 | Porters2016 · wall_segment Palisade Wall x1 |
| 13:53 | Porters2016 · wall_segment Palisade Wall x1 |
| 14:00 | Porters2016 · first_building Stable |
| 14:01 | Cykolai · first_building Barracks |
| 14:10 | Pepe · age_up feudal |
| 14:18 | ttmenti88 · wall_segment Stone Wall x1 |
| 14:18 | Porters2016 · wall_segment Palisade Wall x1 |
| 14:19 | ttmenti88 · wall_segment Stone Wall x1 |
| 14:19 | Porters2016 · wall_segment Palisade Wall x1 |
| 14:22 | Porters2016 · wall_segment Palisade Wall x1 |
| 14:45 | Pepe · first_building Barracks |
| 15:05 | Porters2016 · wall_segment Palisade Wall x1 |
| 15:51 | Cykolai · age_up feudal |
| 16:20 | Cykolai · first_building Stable |
| 17:21 | Soy surfero · wall_segment Palisade Wall x7 |
| 17:24 | ttmenti88 · first_building Barracks |
| 17:28 | Soy surfero · wall_segment Palisade Wall x4 |
| 18:12 | Fubblubb · age_up feudal |
| 18:33 | Porters2016 · age_up castle |
| 18:46 | Pepe · wall_segment Palisade Wall x4 |
| 19:48 | Pepe · age_up castle |
| 20:05 | Pepe · first_building Castle |
| 20:27 | Soy surfero · wall_segment Palisade Wall x6 |
| 21:20 | Pepe · wall_segment Stone Wall x4 |
| 22:07 | Fubblubb · age_up castle |
| 22:12 | ttmenti88 · first_building Archery Range |
| 22:41 | ttmenti88 · age_up castle |
| 22:49 | ttmenti88 · first_building Castle |
| 23:33 | Soy surfero · first_market_sell 100 food |
| 24:16 | Fubblubb · first_market_buy 100 wood |
| 25:31 | Pepe · first_building Stable |
| 25:48 | ttmenti88 · first_building Siege Workshop |
| 26:11 | Pepe · first_building Archery Range |
| 26:12 | Fubblubb · first_market_sell 100 wood |
| 26:15 | Soy surfero · age_up castle |
| 27:52 | Pepe · first_building Siege Workshop |
| 28:01 | Cykolai · first_building Archery Range |
| 29:42 | Porters2016 · first_building Castle |
| 30:18 | Fubblubb · resign |
[ AI ANALYSIS · 1 CREDIT ]
What really happened in this match?
Wolo.gg analyzes every decision: build order, eco, micro, common mistakes by bracket. Personalized analysis on WhatsApp or Discord in 30 seconds.
Civ guide
Malians
Map guide
Nomad
Perfil
Fubblubb